 Dungeon Crawl Stone Soup version 0.17-a0-1558-g9d24de5 (webtiles) character file.

96 JohnySteed the Chopper (level 4, -3/41 HPs)
             Began as a Hill Orc Berserker on July 20, 2015.
             Was a Believer of Trog.
             Killed from afar by an orc wizard (8 damage)
             ... with a magic dart
             ... on level 3 of the Dungeon.
             The game lasted 00:07:56 (1843 turns).

JohnySteed the Chopper (Hill Orc Berserker)         Turns: 1843, Time: 00:07:56

Health: -3/41      AC:  2    Str: 20    XL:     4   Next: 67%
Magic:  4/4        EV: 11    Int:  7    God:    Trog [**....]
Gold:   61         SH:  3    Dex: 10    Spells: 0 memorised, 3 levels left

rFire  . . .     SeeInvis .     a - +0 hand axe
rCold  . . .     Clarity  .     b - +0 animal skin
rNeg   . . .     SustAt   .     e - +0 buckler
rPois  .         Gourm    .     (no helmet)
rElec  .         Spirit   .     (no cloak)
rCorr  .         Warding  .     (no gloves)
rMut   .         Stasis   .     (no boots)
MR     .....                    (no amulet)
Stlth  +.........               (no ring)
                                (no ring)

@: exhausted, slowed, very slow, not resistant to hostile enchantments, very
unstealthy
A: no striking features
a: Burn Spellbooks, Berserk, Trog's Hand, Renounce Religion


You were on level 3 of the Dungeon.
You worshipped Trog.
Trog was pleased with you.
You were very hungry.

You visited 1 branch of the dungeon, and saw 3 of its levels.

You collected 61 gold pieces.

Inventory:

Hand weapons
 a - a +0 hand axe (weapon)
Armour
 b - a +0 animal skin (worn)
 e - a +0 buckler (worn)
Jewellery
 v - an uncursed amulet of rage {unknown}
Scrolls
 d - a scroll of noise {unknown}
 f - 3 scrolls of random uselessness {unknown}
 h - 7 scrolls of identify {unknown}
 l - a scroll of recharging {unknown}
 p - a scroll of fog {unknown}
 r - a scroll of immolation {unknown}
Potions
 g - a potion of mutation {unknown}
 j - a potion of curing {unknown}
 k - a potion of resistance {unknown}
 m - a potion of cancellation {unknown}
 n - a potion of haste {unknown}
 o - a potion of invisibility {unknown}
 q - 2 potions of lignification {unknown}
 s - a potion of brilliance {unknown}
 u - a potion of might {unknown}
Comestibles
 c - 2 bread rations
 i - a meat ration
 t - 4 fruits


   Skills:
 + Level 4.8 Fighting
 + Level 5.4 Axes
 + Level 2.5 Armour
 - Level 1.5 Dodging
 + Level 0.9 Shields


You had 3 spell levels left.
You didn't know any spells.

Dungeon Overview and Level Annotations

Branches:
Dungeon (3/15)

Altars:
Dithmenos
Elyvilon
Kikubaaqudgha
Vehumet


Message History

The orc is heavily wounded.
You barely miss the orc wizard. The orc wizard barely misses you.
The orc hits you.
The orc wizard hits you but does no damage.
You hit the orc.
You kill the orc!
Trog accepts your kill.
You barely miss the orc wizard.
The orc wizard points at you and mumbles some strange words.
The magic dart hits you!
* * * LOW HITPOINT WARNING * * *
The orc cheers repeatedly, as Orcs often do.
The orc wizard hits you with a dagger.
* * * LOW HITPOINT WARNING * * *
You closely miss the orc wizard. You barely miss the orc.
The orc is heavily wounded.
You block the orc's attack.
The orc wizard points at you and mumbles some strange words.
The magic dart hits you!
You die...

#.....## #......#
#......# ....###..#
.... #..#
.....##..##
..._......#
#.....##.##########
##.... #.))@o..<...
#.... #####o......
...### ....... ...
....... ## .......
....... ....<.>
.......


You could see an orc wizard and an orc.

Vanquished Creatures
  An orc priest (D:3)
  3 adders
  A giant gecko (D:2)
  2 orcs (D:3)
  2 bats
  3 giant cockroaches
  7 hobgoblins
  3 kobolds (D:2)
  A quokka (D:2)
  A ball python (D:2)
  2 giant newts
  9 goblins
  6 rats
41 creatures vanquished.

Notes
Turn   | Place    | Note
--------------------------------------------------------------
     0 | D:1      | JohnySteed the Hill Orc Berserker began the quest for the Orb.
     0 | D:1      | Reached XP level 1. HP: 19/19 MP: 1/1
   356 | D:1      | Reached XP level 2. HP: 22/27 MP: 2/2
   762 | D:2      | Found a white marble altar of Elyvilon.
   897 | D:2      | Acquired Trog's second power
   913 | D:2      | Reached XP level 3. HP: 33/33 MP: 3/3
  1286 | D:2      | Reached skill level 5 in Axes
  1334 | D:2      | Found an ancient bone altar of Kikubaaqudgha.
  1729 | D:3      | Found a radiant altar of Vehumet.
  1743 | D:3      | Reached XP level 4. HP: 36/41 MP: 4/4
  1811 | D:3      | Found a shadowy altar of Dithmenos.
  1843 | D:3      | Killed from afar by an orc wizard

Vault maps used:
D:1:      wheals_arrival_shading
D:2:      kiku_gazebo_pond_becter, elyvilon_altar_1
D:3:      nicolae_overflow_crystal_walls, lemuel_doored_altar, vehumet_crystals,
          lemuel_coloured_pillars_altar, first_bread, portal_sewer_entry_f,
          corner_web_ring

Action                   |  1- 3 |  4- 6 || total
-------------------------+-------+-------++-------
Melee: Hand axe          |   112 |    20 ||   132
Invok: Berserk           |     1 |     1 ||     2
 Stab: Sleeping          |     1 |       ||     1
  Eat: Chunk             |     3 |       ||     3
       Fruit             |     1 |       ||     1
